AoeStats
← Crow

MegaRandom

510934294Analyzed
2v2 RM · 10h ago on Oct 3, 2026· 45m 20s· 4 players
Game mode
Random Map
Map size
Medium (4 player)
Population
200
Speed
Normal
Resources
Standard
Victory
Conquest
Starting age
Dark Age
Ending age
Imperial Age
RankedLock teamsTeams togetherTeam positionsShared explorationLock speedFull tech treeHidden civsTurbo modeCheats
Victory
Defeat
🇨🇱 Hindustanis · Chile
901
+14
🇨🇱 Mongols · Chile
885
+15
🇻🇳 Slavs · Vietnam
861
-15
🇦🇺 Franks · Australia
849
-14
Shonhor
0:28 Loom
12:14 Feudal Age
20:46 Castle Age
19:48 Double-Bit Axe
22:22 Wheelbarrow
30:01 Town Watch
30:28 Fletching
30:47 Town Patrol
35:04 Ballistics
36:31 Elite Skirmisher
Wassss
2:11 Loom
12:23 Feudal Age
14:28 Double-Bit Axe
14:37 Gold Mining
15:29 Wheelbarrow
21:32 Castle Age
21:38 Stone Mining
22:02 Horse Collar
24:01 Fishing Lines
24:50 Hand Cart
24:56 Bow Saw
25:18 Gillnets
31:01 Medium Warships
31:03 Padded Archer Armor
30:54 Fletching
31:16 Forging
31:14 Scale Barding Armor
33:46 Imperial Age
32:29 Heavy Plow
34:13 Chain Barding Armor
34:30 Iron Casting
34:43 Town Watch
35:35 Plate Barding Armor
35:51 Elite Boyar
38:02 Gold Shaft Mining
38:21 Conscription
39:43 Chemistry
Crow
6:36 Loom
13:47 Feudal Age
19:15 Castle Age
17:32 Double-Bit Axe
17:32 Horse Collar
21:34 Bow Saw
21:58 Padded Archer Armor
23:59 Heavy Plow
27:10 Wheelbarrow
27:14 Town Watch
27:33 Gold Mining
30:51 Imperial Age
32:33 Chemistry
31:38 Shatagni
32:26 Leather Archer Armor
32:45 Clinker Construction
32:59 Clinker Construction
36:37 Ring Archer Armor
Magocuro
9:34 Feudal Age
9:54 Feudal Age
10:10 Loom
11:44 Double-Bit Axe
20:25 Castle Age
18:42 Bloodlines
18:30 Gold Mining
18:24 Horse Collar
19:21 Fletching
19:25 Stone Mining
20:30 Padded Archer Armor
21:40 Husbandry
22:12 Heavy Plow
24:37 Bodkin Arrow
26:46 Bow Saw
28:34 Gold Shaft Mining
29:14 Leather Archer Armor
29:10 Forging
29:29 Ballistics
36:07 Imperial Age
37:06 Iron Casting
36:37 Scale Barding Armor
38:08 Chemistry
37:20 Masonry
39:51 Town Watch
40:45 Wheelbarrow
40:26 Nomads
41:10 Conscription
42:35 Drill
41:38 Capped Ram
Connection lost

Rejoining the realm…

Still unreachable

The connection could not be restored.

Session expired

The server has moved on; the page needs a fresh start.